 Dungeon Crawl Stone Soup version 0.28.0-53-g5a82cb258f (webtiles) character file.

Game seed: 9934358899227947368

9 Sin92 the Skirmisher (level 2, -4/24 HPs)
             Began as a Demonspawn Fighter on June 2, 2022.
             Slain by a kobold
             ... wielding a +1 short sword of electrocution
              (11 damage)
             ... on level 1 of the Dungeon.
             The game lasted 00:00:27 (343 turns).

Sin92 the Skirmisher (Demonspawn Fighter)            Turns: 343, Time: 00:00:27

Health: -4/24      AC:  6    Str: 16    XL:     2   Next: 6%
Magic:  2/2        EV:  9    Int:  9    God:
Gold:   20         SH:  8    Dex: 12    Spells: 1/1 levels left

rFire   . . .      SeeInvis .   a - +0 long sword
rCold   . . .      Faith    .   c - +0 buckler
rNeg    . . .      Spirit   .   b - +0 scale mail
rPois   .          Reflect  .   (no helmet)
rElec   .          Harm     .   (no cloak)
rCorr   .          Rampage  .   (no gloves)
Will    .....                   (no boots)
Stlth   ..........              (no amulet)
HPRegen 0.08/turn               (no ring)
MPRegen 0.08/turn               (no ring)

@: no status effects
A: condensation shield
a: no special abilities


You were on level 1 of the Dungeon.
You visited 1 branch of the dungeon, and saw 1 of its levels.

You collected 20 gold pieces.

Inventory:

Hand Weapons
 a - a +0 long sword (weapon)
Missiles
 f - a throwing net (quivered)
Armour
 b - a +0 scale mail (worn)
 c - a +0 buckler (worn)
Scrolls
 g - a scroll of fear {unknown}
 i - 2 scrolls of identify {unknown}
Potions
 d - a potion of might
 e - 2 potions of flight {unknown}
 h - a potion of curing {unknown}


   Skills:
 + Level 3.1 Fighting
 * Level 2.0 Long Blades
 + Level 2.7 Armour
 + Level 0.3 Dodging
 + Level 2.8 Shields


You had one spell level left.
You didn't know any spells.
Your spell library was empty.

Dungeon Overview and Level Annotations

Branches:
Dungeon (1/15)

Altars:


Innate Abilities, Weirdness & Mutations

A meltable shield of frost defends you. (SH +4)


Message History

The rat bites you.
A rat is nearby!
You hit the rat.
You kill the rat!
You have reached level 2!
Your demonic ancestry asserts itself...
Frost condenses into a shield before you.
i - a scroll labelled CEEMAQ QUEPAPH No target in view!
i - 2 scrolls labelled CEEMAQ QUEPAPH (gained 1)
You see here a rat corpse.
A kobold comes into view.
It is wielding a +1 short sword of electrocution.
The kobold shouts!
You hear a shout!
The kobold throws a stone.
The stone completely misses you.
A hobgoblin comes into view.
The hobgoblin shouts!
Found a scroll labelled XUHAVU XIHYL.
Found a stone staircase leading down.
The kobold throws a stone.
The stone misses you.
A kobold comes into view. It is wielding a +0 short sword.
There are monsters nearby!
Found a dagger.
You block the hobgoblin's attack.
There are monsters nearby!
You hit the hobgoblin.
You kill the hobgoblin!
You block the kobold's attack.
There are monsters nearby!
You barely miss the kobold. The kobold barely misses you.
The kobold hits you but does no damage.
There are monsters nearby!
You barely miss the kobold. The kobold barely misses you. x2
There are monsters nearby!
You miss the kobold.
The kobold hits you with a +1 short sword of electrocution.
You are electrocuted!
Ouch! That really hurt!
The kobold hits you but does no damage.
The kobold hits you with a +1 short sword of electrocution.
* * * LOW HITPOINT WARNING * * *
You are electrocuted!
You die...

... ### #.....# #... >?
...# #... ###.# ...#
#....##... ..#
#....#...# ..# ######
#....K.#.### #.###...#.
#....K@....###.##......
#....###.#.....#)......
....) #.####........†.
#... #.# ##..†......
#.. #.#####......... ..
..............#. #
..#####)##...### .##
#.###### #.##


You could see 2 kobolds.

Vanquished Creatures
  A bat (D:1)
  2 endoplasms (D:1)
  2 goblins (D:1)
  A hobgoblin (D:1)
  3 rats (D:1)
9 creatures vanquished.

Notes
Turn   | Place    | Note
-------+----------+-------------------------------------------
     0 | D:1      | Sin92 the Demonspawn Fighter began the quest for the Orb.
     0 | D:1      | Reached XP level 1. HP: 18/18 MP: 1/1
   300 | D:1      | Gained mutation: A meltable shield of frost defends you.
                  | (SH +4) [demonic ancestry]
   300 | D:1      | Reached XP level 2. HP: 23/24 MP: 2/2
   343 | D:1      | Slain by a kobold

Illustrated notes

Levels and vault maps discovered:
D:1:      scummos_arrival_hexagon, layout_rooms,
          hellmonk_ecumenical_altar_watching_god

Skill      XL: |  1 |
---------------+----+-----
Long Blades    | 2 |  2.0
Fighting       | |  3.1
Armour         | |  2.7
Dodging        | |  0.3
Shields        | |  2.8

Action                   || total
-------------------------++-------
Melee: Long sword        ||    27
Armor: Scale mail        ||    18
Dodge: Dodged            ||    21
Block: Buckler           ||     8
